 Dungeon Crawl Stone Soup version 0.30-a0-165-g1891117ce2 (webtiles) character file.

Game seed: 7567414376663973666

184 jimonade the Cutter (level 5, -1/24 (30) HPs)
             Began as a Kobold Brigand on Sept 28, 2022.
             Slain by a necrophage (2 damage)
             ... on level 4 of the Dungeon.
             The game lasted 00:09:13 (3369 turns).

jimonade the Cutter (Kobold Brigand)                Turns: 3369, Time: 00:09:13

HP:   -1/24 (30)    AC:  6    Str:  9    XL:     5   Next: 96%
MP:   5/5           EV: 12    Int: 12    God:
Gold: 206           SH:  0    Dex: 18    Spells: 4/4 levels left

rFire   . . .      SeeInvis .    a - +0 dagger (venom)
rCold   . . .      Faith    .    (no shield)
rNeg    . . .      Spirit   .    o - +0 ring mail
rPois   .          Reflect  .    (no helmet)
rElec   .          Harm     .    c - +0 cloak
rCorr   .          Rampage  .    (no gloves)
Will    .....                    (no boots)
Stlth   ++++......               (no amulet)
HPRegen 0.08/turn                B - ring of wizardry
MPRegen 0.09/turn                (no ring)

@: heavily drained
A: small, no large weapons, nightstalker 3
a: no special abilities


You were on level 4 of the Dungeon.
You visited 1 branch of the dungeon, and saw 4 of its levels.

You collected 206 gold pieces.

Inventory:

Hand Weapons
 a - a +0 dagger of venom (weapon)
 b - a +0 short sword of speed
 k - a +2 dagger
 q - a +0 spear
 s - the +4 short sword of Kupots {drain, Contam rElec rC+ Str+4}
   (You found it on level 2 of the Dungeon)

   A truly terrible weapon, it drains the life of any living foe it strikes.
   Str:       It affects your strength (+4).
   rC:        It protects you from cold.
   rElec:     It insulates you from electricity.
   Contam:    It causes magical contamination when unequipped.
 w - a +0 long sword
 x - a +0 war axe
Missiles
 d - 14 poisoned darts (quivered)
 e - 3 curare-tipped darts
Armour
 c - a +0 cloak (worn)
 o - a +0 ring mail (worn)
 p - a +0 leather armour
 v - a +0 robe
Jewellery
 B - a ring of wizardry (left hand)
Scrolls
 f - 2 scrolls of vulnerability {unknown}
 g - a scroll of blinking {unknown}
 j - a scroll of noise {unknown}
 m - 2 scrolls of identify {unknown}
 u - a scroll of enchant armour {unknown}
 y - 2 scrolls of teleportation {unknown}
Potions
 h - a potion of brilliance {unknown}
 i - a potion of attraction {unknown}
 l - a potion of degeneration {unknown}
 n - 2 potions of cancellation {unknown}
 r - 2 potions of curing {unknown}
 t - a potion of heal wounds {unknown}
 z - 2 potions of ambrosia {unknown}
 A - a potion of magic {unknown}


   Skills:
 - Level 2.1 Fighting
 + Level 7.5 Short Blades
 - Level 2.1 Throwing
 - Level 1.2 Dodging
 - Level 5.3 Stealth


You had 4 spell levels left.
You didn't know any spells.
Your spell library contained the following spells:

 Spells                   Type           Power      Damage    Failure   Level
 Apportation              Tloc           0%         N/A       34%         1
 Necrotise                Necr           0%         1d4       34%         1
 Summon Small Mammal      Summ           0%         N/A       34%         1
 Sublimation of Blood     Necr           0%         N/A       45%         2
 Ozocubu's Armour         Ice            0%         N/A       69%         3
 Petrify                  Tmut/Erth      0%         N/A       97%         4
 Irradiate                Conj/Tmut      0%         3d11      100%        5
 Metabolic Englaciation   Hex/Ice        0%         N/A       100%        5
 Simulacrum               Ice/Necr       0%         N/A       100%        6


Dungeon Overview and Level Annotations

Branches:
Dungeon (4/15)
 Temple: D:4-7

Altars:

Shops:
D:2 [   D:4 :


Innate Abilities, Weirdness & Mutations

You are small and have problems with some larger weapons.
You are completely attuned to the shadows.


Message History

The necrophage hits you.
You feel drained.
You closely miss the necrophage.
The necrophage is moderately damaged.
You completely miss the necrophage.
The necrophage is moderately damaged.
The necrophage hits you.
You feel drained.
You hit the necrophage.
The necrophage is heavily damaged.
You hit the necrophage but do no damage.
The necrophage is heavily damaged.
The necrophage hits you.
You hit the necrophage.
The necrophage is heavily damaged.
The necrophage hits you but does no damage.
You barely miss the necrophage.
The necrophage is heavily damaged.
You hit the necrophage but do no damage.
The necrophage is heavily damaged.
The necrophage hits you.
* * * LOW HITPOINT WARNING * * *
You hit the necrophage but do no damage.
The necrophage is heavily damaged.
The necrophage hits you.
* * * LOW HITPOINT WARNING * * *
You feel drained.
You barely miss the necrophage.
The necrophage is heavily damaged.
You hit the necrophage but do no damage.
The necrophage is heavily damaged.
The necrophage hits you.
* * * LOW HITPOINT WARNING * * *
You hit the necrophage.
The necrophage is severely damaged.
You hit the necrophage.
The necrophage is severely damaged.
The necrophage barely misses you.
You closely miss the necrophage.
The necrophage is severely damaged.
The necrophage hits you.
You die...

... #####.# .#
...#######.....###.#
....................
..#.#.#.##...8).)...
...(@.#.##..........
..#n#.#.##.8...>....
........###.........
#########8...∩...8..
#...........
#..<...8####
#.....### #....8#
##.####


You could see a necrophage.

Vanquished Creatures
  3 gnolls (D:2)
  7 adders
  2 dart slugs (D:3)
  10 orcs
  4 endoplasms (D:1)
  9 goblins
  8 hobgoblins
  3 jackals (D:2)
  7 kobolds
  2 quokkas
  6 ball pythons
  6 bats
  2 frilled lizards (D:2)
  9 rats
78 creatures vanquished.

Notes
Turn   | Place    | Note
-------+----------+-------------------------------------------
     0 | D:1      | jimonade the Kobold Brigand began the quest for the Orb.
     0 | D:1      | Reached XP level 1. HP: 12/12 MP: 1/1
    92 | D:1      | Reached skill level 3 in Short Blades
   254 | D:1      | Reached XP level 2. HP: 17/17 MP: 2/2
   550 | D:1      | Reached skill level 4 in Short Blades
   924 | D:1      | Reached XP level 3. HP: 21/21 MP: 3/3
  1588 | D:2      | Identified the +4 short sword of Kupots {drain, Contam
                  | rElec rC+ Str+4}
  1627 | D:2      | Reached skill level 5 in Short Blades
  1644 | D:2      | Reached XP level 4. HP: 21/26 MP: 4/4
  1751 | D:2      | Reached skill level 6 in Short Blades
  1991 | D:2      | Reached XP level 5. HP: 29/30 MP: 5/5
  2445 | D:2      | Found Voza's Armour Boutique.
  2662 | D:3      | Reached skill level 7 in Short Blades
  3323 | D:4      | Found Zaeqor's Book Shop.
  3366 | D:4      | HP: 1/24 [necrophage (2)]
  3369 | D:4      | Slain by a necrophage

Illustrated notes

Levels and vault maps discovered:
D:1:      psy_arrival_heroes, layout_basic
D:2:      layout_loops_ring, serial_shops, nicolae_shop_stone
D:3:      layout_rooms
D:4:      layout_basic, serial_glass, glass_columns_a, glass_columns_c,
          glass_columns_a, glass_columns_a, glass_columns_a, glass_columns_a,
          serial_shops, nicolae_stop_n_shop_1, minivault_24, minmay_crossroads

Skill      XL: |  1  2  3  4  5 |
---------------+----------------+-----
Short Blades   | 3 4 5 6 7 |  7.5
Fighting       | |  2.1
Throwing       | |  2.1
Dodging        | |  1.2
Stealth        | |  5.3

Action                   |  1- 3 |  4- 6 || total
-------------------------+-------+-------++-------
Melee: Dagger            |    66 |   176 ||   242
       Punch             |     1 |     1 ||     2
 Stab: Sleeping          |    12 |    19 ||    31
       Distracted        |     1 |     3 ||     4
Armor: Robe              |     8 |       ||     8
       Ring mail         |     8 |    27 ||    35
Dodge: Dodged            |    34 |    69 ||   103

Table legend: (Time is in decaauts)
 A = Elapsed time spent in this place.
 B = Non-inter-level travel time spent in this place.
 C = Inter-level travel time spent in this place.
 D = Time resting spent in this place.
 E = Time spent auto-exploring this place.
 F = Levels seen in this place.
 G = Mean time per level.
                   A        B        C        D        E       F      G
               +--------+--------+--------+--------+--------+-----+--------+
         Total |   3289 |   3102 |    187 |     57 |   2398 |   4 |  822.2 |
       Dungeon |   3289 |   3102 |    187 |     57 |   2398 |   4 |  822.2 |
               +--------+--------+--------+--------+--------+-----+--------+

Top non-repeatable levels by time:
     D:1: 1448 daAuts
     D:2: 1058 daAuts
     D:3: 745 daAuts
     D:4: 37 daAuts
